 Dungeon Crawl Stone Soup version 0.30-a0-1043-g60ff8d5f49 (webtiles) character file.

Game seed: 12574140197442927892

359 DeathPants the Stinger (level 6, -1/49 HPs)
             Began as a Naga Venom Mage on Apr 9, 2023.
             Slain by a phantom (6 damage)
             ... on level 4 of the Dungeon.
             The game lasted 00:12:56 (4554 turns).

DeathPants the Stinger (Naga Venom Mage)            Turns: 4554, Time: 00:12:56

Health: -1/49      AC:  4    Str: 13    XL:     6   Next: 65%
Magic:  9/9        EV:  9    Int: 15    God:
Gold:   153        SH:  5    Dex: 11    Spells: 3/9 levels left

rFire   . . .      SeeInvis +    u - +0 hand axe
rCold   . . .      Faith    .    (no shield)
rNeg    . . .      Spirit   .    c - +0 robe
rPois   +          Reflect  +    A - +0 helmet
rElec   .          Rampage  .    (no cloak)
rCorr   .                        (no gloves)
Will    .....                    (no barding)
Stlth   ++                       t - amulet of reflection
HPRegen 0.28/turn                (no ring)
MPRegen 0.11/turn                (no ring)

@: very slow
A: AC +2, large, see invisible, deformed body, poison resistance, slowness 2,
spit poison 1, naga tail 1
a: Spit Poison


You were on level 4 of the Dungeon.
You visited 1 branch of the dungeon, and saw 4 of its levels.

You collected 153 gold pieces.

Inventory:

Hand Weapons
 a - a +0 dagger of flaming
 b - a +1 dagger of venom
 l - a +2 scimitar of holy wrath
 u - a +0 hand axe (weapon)
 x - a +0 flail
Missiles
 y - 4 poisoned darts
 z - a throwing net
Armour
 c - a +0 robe (worn)
 j - a +0 buckler
 A - a +0 helmet (worn)
Jewellery
 n - a ring of wizardry
 t - an amulet of reflection (around neck)
Scrolls
 e - a scroll of fog {unknown}
 f - 2 scrolls of teleportation
 g - 5 scrolls of magic mapping
 m - a scroll of amnesia {unknown}
 p - a scroll of fear {unknown}
 q - a scroll of identify {unknown}
 s - a scroll of immolation {unknown}
 v - a scroll of enchant armour {unknown}
 w - a scroll of poison {unknown}
Potions
 d - 4 potions of curing {unknown}
 h - 3 potions of lignification {unknown}
 i - 2 potions of berserk rage {unknown}
 k - a potion of heal wounds {unknown}
 o - a potion of haste {unknown}
 r - a potion of flight {unknown}
 B - a potion of cancellation {unknown}


   Skills:
 - Level 1.5 Dodging
 - Level 3.0 Stealth
 - Level 2.0 Spellcasting
 + Level 3.4 Conjurations
 - Level 1.0 Transmutations
 - Level 4.0 Air Magic
 - Level 6.0 Poison Magic


You had 3 spell levels left.
You knew the following spells:

 Your Spells              Type           Power      Damage    Failure   Level
a - Sting                 Tmut/Pois      48%        1d5       5%          1
b - Poisonous Vapours     Pois/Air       32%        N/A       4%          2
c - Mephitic Cloud        Conj/Pois/Air  14%        N/A       11%         3

Your spell library contained the following spells:

 Spells                   Type           Power      Damage    Failure   Level
 Olgreb's Toxic Radiance  Pois           19%        N/A       19%         4
 Petrify                  Tmut/Erth      3%         N/A       87%         4
 Silence                  Hex/Air        3%         N/A       95%         5
 Lee's Rapid Deconstruct  Erth           0%         3d4*      99%         5
 Summon Mana Viper        Hex/Summ       1%         N/A       99%         5


Dungeon Overview and Level Annotations

Branches:
Dungeon (4/15)             Temple (0/1) D:4

Altars:
Sif Muna

Shops:
D:1 :(


Innate Abilities, Weirdness & Mutations

Your serpentine skin is tough. (AC +2)
You have supernaturally acute eyesight. (SInv)
Armour fits poorly on your strangely shaped body.
Your system is resistant to poisons. (rPois)
You cover ground very slowly.
You can spit poison.
You have a snake-like lower body.


Message History

The phantom hits you.
The phantom hits you but does no damage.
You hit the phantom.
The phantom is severely damaged.
You block the phantom's attack.
You closely miss the phantom.
The phantom is severely damaged.
The phantom hits you.
You closely miss the phantom.
The phantom is severely damaged.
The phantom hits you but does no damage.
You closely miss the phantom. Your punch misses the phantom.
The phantom is severely damaged.
The phantom closely misses you. The phantom hits you.
The phantom blinks!
You blink.
You hit the phantom but do no damage.
The phantom is severely damaged.
The phantom hits you.
You completely miss the phantom.
The phantom is severely damaged.
The phantom barely misses you.
You barely miss the phantom.
The phantom is severely damaged.
You block the phantom's attack. The phantom hits you.
* * * LOW HITPOINT WARNING * * *
You barely miss the phantom.
The phantom is severely damaged.
The phantom hits you.
* * * LOW HITPOINT WARNING * * *
You barely miss the phantom.
The phantom is severely damaged.
The phantom hits you.
* * * LOW HITPOINT WARNING * * *
The phantom blinks!
You blink.
You miss the phantom.
The phantom is severely damaged.
The phantom hits you.
* * * LOW HITPOINT WARNING * * *
The phantom blinks!
You blink.
The phantom hits you.
You die...

######## #....@W# #.####§#
### ######.####§# ..##
#...##......####### ...##
#......#..........#* ....#
#...##§.....#......#
....####.##########.###..#
....)......# *.#**,,#
..))#.##.#.# *.#*,,,*


You could see a phantom.

Vanquished Creatures
  2 scorpions (D:4)
  Natasha (thrice) (D:2)
  An orc wizard (D:4)
  Terence (D:3)
  3 adders
  3 dart slugs
  3 orcs
  3 ball pythons
  6 endoplasms
  4 giant cockroaches
  10 goblins
  8 hobgoblins
  2 jackals (D:3)
  7 quokkas
  4 bats
  2 frilled lizards
  15 kobolds
  7 rats
84 creatures vanquished.

Vanquished Creatures (others)
  8 toadstools (D:2)
8 creatures vanquished.

Grand Total: 92 creatures vanquished

Notes
Turn   | Place    | Note
-------+----------+-------------------------------------------
     0 | D:1      | DeathPants the Naga Venom Mage began the quest for the Orb.
     0 | D:1      | Reached XP level 1. HP: 15/15 MP: 3/3
   168 | D:1      | Got the Textbook on the Mesa and Interference
   186 | D:1      | Reached XP level 2. HP: 14/22 MP: 1/5
   270 | D:1      | Learned a level 2 spell: Poisonous Vapours
   386 | D:1      | Reached skill level 5 in Poison Magic
   507 | D:1      | Found Vyerumykh's Weapon Shop.
   727 | D:1      | Found Doluevaf's Book Shoppe.
   734 | D:1      | Reached XP level 3. HP: 26/28 MP: 6/6
   738 | D:1      | Learned a level 3 spell: Mephitic Cloud
   840 | D:1      | You fall into a shaft and drop 1 floor!
  1381 | D:2      | Noticed Natasha
  1389 | D:2      | Killed Natasha
  1390 | D:2      | Reached skill level 6 in Poison Magic
  1390 | D:2      | Reached skill level 1 in Air Magic
  1390 | D:2      | Reached XP level 4. HP: 15/36 MP: 4/7
  1603 | D:2      | Noticed Natasha
  1616 | D:2      | Killed Natasha
  2080 | D:2      | Found a shimmering blue altar of Sif Muna.
  2243 | D:2      | Noticed Natasha
  2250 | D:2      | Killed Natasha
  2251 | D:2      | Reached XP level 5. HP: 38/42 MP: 1/8
  2646 | D:3      | Noticed Terence
  2694 | D:3      | Killed Terence
  3965 | D:4      | Reached XP level 6. HP: 49/49 MP: 1/9
  4554 | D:4      | Slain by a phantom

Illustrated notes

Levels and vault maps discovered:
D:1:      dpeg_arrival_rooms_c, layout_loops_ring, serial_shops,
          nicolae_shop_trees, shop, minmay_cupped
D:2:      cheibrodos_fertilizer, layout_basic, basic_altar, uniq_natasha
D:3:      layout_basic, serial_co_window_serial, co_window_paths_a,
          co_window_paths_b, co_window_corner_a, co_window_paths_a,
          co_window_paths_a, co_window_of_opportunity_a,
          co_window_of_opportunity_c, co_window_of_opportunity_b,
          co_window_of_opportunity_b, co_window_corner_cb, co_window_4corner_b,
          co_window_sun, serial_bayou_pond_e, reono_crystal_passage,
          uniq_terence
D:4:      layout_loops_cross, minmay_temple_entry_glass, kennysheep_potato,
          uniq_pikel

Skill      XL: |  1  2  3  4  5  6 |
---------------+-------------------+-----
Poison Magic   | 5 6 |  6.0
Air Magic      | 1 3 4 |  4.0
Conjurations   | 2 3 |  3.4
Dodging        | |  1.5
Stealth        | |  3.0
Spellcasting   | |  2.0
Transmutations | |  1.0

Action                     |  1- 3 |  4- 6 || total
---------------------------+-------+-------++-------
  Melee: Dagger            |    22 |   106 ||   128
         Short sword       |    10 |       ||    10
         Punch             |       |     1 ||     1
         Hand axe          |       |    19 ||    19
   Cast: Sting             |    37 |    50 ||    87
         Poisonous Vapours |       |    20 ||    20
Ability: Spit Poison       |     1 |       ||     1
    Use: Scroll            |       |     2 ||     2
         Potion            |       |     1 ||     1
   Stab: Sleeping          |     1 |     3 ||     4
 Armour: Robe              |    15 |    26 ||    41
  Dodge: Dodged            |    37 |    52 ||    89
  Block: Other             |       |    12 ||    12

Table legend: (Time is in decaauts)
 A = Elapsed time spent in this place.
 B = Non-inter-level travel time spent in this place.
 C = Inter-level travel time spent in this place.
 D = Time resting spent in this place.
 E = Time spent auto-exploring this place.
 F = Levels seen in this place.
 G = Mean time per level.
                   A        B        C        D        E       F      G
               +--------+--------+--------+--------+--------+-----+--------+
         Total |   5646 |   5422 |    224 |    307 |   4034 |   4 | 1411.5 |
       Dungeon |   5646 |   5422 |    224 |    307 |   4034 |   4 | 1411.5 |
               +--------+--------+--------+--------+--------+-----+--------+

Top non-repeatable levels by time:
     D:3: 1831 daAuts
     D:2: 1762 daAuts
     D:1: 1346 daAuts
     D:4: 706 daAuts
